[Event "*** Titled Tuesday Blitz"]
[Site "Chess.com"]
[Date "2019.02.05"]
[Round "9"]
[White "otrov-11"]
[Black "LuisFSiles"]
[Result "0-1"]
[WhiteElo "2326"]
[BlackElo "2276"]
[TimeControl "180+2"]
[EndTime "15:13:45 PST"]
[Termination "LuisFSiles won by checkmate"]

1. d4 Nf6 2. c4 c5 3. d5 e6 4. Nc3 exd5 5. cxd5 d6 6. e4 g6 7. f4 Bg7 8. Bb5+ Nfd7 9. Nf3 O-O 10.
O-O a6 11. Bd3 b5 12. Re1 Re8 13. e5 dxe5 14. d6 Bb7 15. Be4 Bxe4 16. Rxe4 exf4 17. Rxe8+ Qxe8 18. Nd5 Qe4 19. Bxf4 Nc6 20. Qd2 Nd4 21. Ne7+ Kh8 22. Nxd4 Qxd4+ 23. Kh1 Qxb2 24. Qxb2 Bxb2 25. Rf1 Kg7 26. Be3 f6 27. Bf2 Be5 28. Rd1 a5 29. Rd5 Ra6 30. Bg3 Kf7 31. Bxe5 fxe5 32. Nc8 Ke6 33.
Rd1 Rc6 34. Na7 Rxd6 35. Rxd6+ Kxd6 36. Nxb5+ Kd5 37. h4 Kc4 38. Nd6+ Kd3 39. g4 c4 40.
h5 gxh5 41. gxh5 c3 42. Kg2 c2 43. Kg3 c1=Q 44. Kg4 Qf4+ 45. Kh3 e4 46. a4 Qxd6 47. h6 Qxh6+ 48. Kg4 Qg6+ 49. Kf4 Qf6+ 50. Kg4 Ne5+ 51. Kg3 Qg5+ 52. Kh3 Qg4+ 53. Kh2 Nf3+ 54. Kh1 Qg1# 0-1

[Event "*** Titled Tuesday Blitz"]
[Site "Chess.com"]
[Date "2019.02.05"]
[Round "9"]
[White "Sanan_Sjugirov"]
[Black "maciek_92"]
[Result "0-1"]
[WhiteElo "2825"]
[BlackElo "2767"]
[TimeControl "180+2"]
[EndTime "15:13:46 PST"]
[Termination "maciek_92 won by resignation"]

1. Nf3 c5 2. c4 Nc6 3. d4 cxd4 4. Nxd4 g6 5. e4 Bg7 6. Be3 Nf6 7. Nc3 Nxd4 8. Bxd4 d6 9. Be2 O-O 10. O-O a5 11. Qd3 a4 12. Rad1 Be6 13. f4 Qa5 14. f5 Bd7 15. Kh1 Bc6 16. Qe3 Nd7 17. Bxg7 Kxg7 18. Nd5 Bxd5 19. exd5 Ne5 20. Rd4 Qb6 21.
Qd2 f6 22. h4 Qa5 23. Qe3 Qb6 24. Qd2 Qa5 25. Qc1 Rac8 26. Qf4 Qb4 27. Rb1 Qb6 28. Re4 Rc7 29. Qg3 Rg8 30. Bd3 Kf7 31. fxg6+ hxg6 32. Qh3 Rh8 33. Rf1 Qxb2 34. c5 Kg7 35. cxd6 exd6 36. Ref4 Rf7 37. Bb1 Qb5 38. Qe6 Rxh4+ 39. Rxh4 Qxf1+ 40. Kh2 Qxb1 41. Qe8 Rf8 42. Qe7+ Nf7 43. Qe3 Qf5 0-1

[Event "*** Titled Tuesday Blitz"]
[Site "Chess.com"]
[Date "2019.02.05"]
[Round "9"]
[White "TakeMyPieces97"]
[Black "Satscho"]
[Result "0-1"]
[WhiteElo "2266"]
[BlackElo "2327"]
[TimeControl "180+2"]
[EndTime "15:13:46 PST"]
[Termination "Satscho won by checkmate"]

1. e4 c5 2. Nf3 d6 3. d4 cxd4 4. Nxd4 Nf6 5. Nc3 a6 6. Bg5 e6 7. f4 Be7 8. Qf3 Qc7 9. O-O-O Nbd7 10. Bd3 h6 11. Bh4 g5 12. e5 gxh4 13. exf6 Bxf6 14. Nde2 Nc5 15. f5 Bg5+ 16. Kb1 Bd7 17. Nd4 O-O-O 18. Rhe1 Rhe8 19. Bc4 d5 20. Bxd5 exd5 21.
Nxd5 Qd6 22. Rxe8 Bxe8 23. c4 Bc6 24. Nxc6 Qxc6 25. f6 Bxf6 26. Re1 Nd7 27. Rf1 Bg5 28. Qxf7 Kb8 29. Qg7 Qxc4 30. Rd1 Rc8 31. a3 Qc2+ 32. Ka2 Qxd1 33. Qxd7 Qd4 34. Qd6+ Ka7 35. a4 Qc4+ 36. Ka3 Qc5+ 37. Qxc5+ Rxc5 38. Nb4 Be7 39. Nd3 Rd5+ 40. Nb4 Rd4 41. b3 Rxb4 42. Kb2 Rg4 43. g3 hxg3 44. h3 Rf4 45. a5 g2 46. b4 g1=Q 47.
Kb3 Rf3+ 48. Ka4 Qa1# 0-1

[Event "*** Titled Tuesday Blitz"]
[Site "Chess.com"]
[Date "2019.02.05"]
[Round "9"]
[White "Vamostodorecto"]
[Black "Frolik67"]
[Result "0-1"]
[WhiteElo "2452"]
[BlackElo "2532"]
[TimeControl "180+2"]
[EndTime "15:13:49 PST"]
[Termination "Frolik67 won on time"]

1. d4 e6 2. c4 d5 3. Nc3 Nf6 4. cxd5 exd5 5. Bg5 Be7 6. e3 O-O 7. Bd3 c6 8. Qc2 Nbd7 9. Nge2 Re8 10. O-O Nf8 11. f3 h6 12. Bh4 Be6 13. Kh1 Rc8 14. Bf2 b5 15. Bg1 b4 16. Na4 N8d7 17. Nf4 c5 18. dxc5 Nxc5 19. Nxc5 Bxc5 20. Qd2 Qb6 21. Rfe1 Rc7 22. Rac1 Rce7 23. Bb1 g6 24. Qc2 Bd6 25. Nxg6 fxg6 26. Qxg6+ Rg7 27. Qxf6 Be7 28. Qxh6 Bg5 29. Qh5 Bf7 30. Qh3 Be6 31. Bf5 Bf7 32. Bd7 Rd8 33.
e4 Qd6 34. Rc8 Rxc8 35. Bxc8 Rh7 36. Qg4 Rg7 37. exd5 Bd2 38. Qh4 Bxe1 39. Qxe1 Qxd5 40. Qxb4 Bh5 41. Ba6 Bxf3 42. Qb8+ Kh7 0-1

[Event "*** Titled Tuesday Blitz"]
[Site "Chess.com"]
[Date "2019.02.05"]
[Round "9"]
[White "GM_dmitrij"]
[Black "CaptainCasanova"]
[Result "0-1"]
[WhiteElo "2775"]
[BlackElo "2797"]
[TimeControl "180+2"]
[EndTime "15:13:50 PST"]
[Termination "CaptainCasanova won on time"]

1. e4 e6 2. d4 d5 3. exd5 exd5 4. Nf3 Bd6 5. c4 Nf6 6. c5 Be7 7. Bd3 O-O 8. O-O Bg4 9. Be3 b6 10. Nbd2 Nc6 11. Qa4 Bd7 12. Bb5 Qe8 13. Rfe1 a6 14.
Bxc6 Bxc6 15. Qc2 Bb7 16. Bg5 Qd8 17. Ne5 h6 18. Bh4 Re8 19. Rac1 bxc5 20. dxc5 c6 21. Nd3 Bc8 22. Ne5 Qc7 23. Bg3 Qb7 24. Nb3 Ne4 25.
Rxe4 dxe4 26. Na5 Qb5 27. Naxc6 Bf6 28. a4 Qb7 29. Na5 Qc7 30. Nec6 Qd7 31. Rd1 Qf5 32.
b4 Be6 33. Nc4 Bxc4 34. Qxc4 e3 35. fxe3 Rxe3 36. Bf2 Re4 37. Qd5 Qxd5 38. Rxd5 Re2 39. g3 Rb2 40. Rd7 Re8 41. b5 axb5 42. a5 Ra2 43. Ra7 Ree2 0-1

[Event "*** Titled Tuesday Blitz"]
[Site "Chess.com"]
[Date "2019.02.05"]
[Round "9"]
[White "jcibarra"]
[Black "Ginger_GM"]
[Result "0-1"]
[WhiteElo "2697"]
[BlackElo "2613"]
[TimeControl "180+2"]
[EndTime "15:13:52 PST"]
[Termination "Ginger_GM won by resignation"]

1. e4 c5 2. Nf3 d6 3. d4 cxd4 4. Nxd4 Nf6 5. Nc3 g6 6. Be3 Bg7 7. f3 Nc6 8. Qd2 Bd7 9. g4 Rc8 10. h4 Ne5 11. h5 O-O 12. hxg6 fxg6 13. O-O-O Qa5 14. Nb3 Qc7 15. Be2 b5 16. g5 b4 17.
Nb5 Bxb5 18. gxf6 Bxe2 19. fxg7 Rxf3 20. Qxe2 Rxe3 21. Qh2 Rh3 22. Qg2 Rxh1 23. Rxh1 Kxg7 24. Nd4 Qc4 25. Nf5+ Kh8 26. Nxe7 Rc7 27. Nd5 Rf7 28.
Kb1 Qd4 29. Rc1 Nc4 30. c3 Qd3+ 31. Qc2 Qxc2+ 32. Kxc2 bxc3 33. Kxc3 Ne5 34. Kd4 h5 35. Rc8+ Kg7 36. Rd8 h4 37. Rxd6 h3 38. Nf4 h2 39.
Ne6+ Kh6 40. Rd8 h1=Q 41. Kxe5 Qh2+ 42. Kd5 Rh7 43. e5 Qxb2 44. Rd6 Qxa2+ 45. Kd4 Re7 46. Nf4 Qb2+ 47. Kd3 Qb3+ 48. Ke4 Qc4+ 49. Kf3 Qc3+ 50.
Kg4 Qxe5 51. Rxg6+ Kh7 52. Rg5 Rg7 0-1

[Event "*** Titled Tuesday Blitz"]
[Site "Chess.com"]
[Date "2019.02.05"]
[Round "9"]
[White "Redbandit87"]
[Black "matiss90"]
[Result "0-1"]
[WhiteElo "2384"]
[BlackElo "2467"]
[TimeControl "180+2"]
[EndTime "15:13:54 PST"]
[Termination "matiss90 won by resignation"]

1. d4 Nf6 2. Bf4 g6 3. Nc3 Bg7 4. Qd2 c6 5. Bh6 Bxh6 6. Qxh6 b5 7. a3 Qb6 8. e3 b4 9. Na4 Qa5 10. axb4 Qxb4+ 11. c3 Qd6 12. Nc5 Qc7 13. Nf3 d6 14.
Nd3 Bf5 15. h3 Bxd3 16. Bxd3 a5 17. O-O Nbd7 18. b4 e5 19. Nd2 Ke7 20. dxe5 Nxe5 21. Be2 axb4 22. cxb4 Rxa1 23. Rxa1 Rb8 24. Qf4 Nd5 25.
Qh4+ Nf6 26. Rb1 h5 27. Qd4 Kf8 28. f4 Ned7 29. Nc4 d5 30. Nd2 c5 31. bxc5 Rxb1+ 32. Nxb1 Qxc5 33. Nd2 Qxd4 34. exd4 Nb8 35. Bb5 Ke7 36.
Nf3 Ne4 37. Ne5 Nc3 38. Bd3 Nd7 39. Kf2 Ne4+ 40. Bxe4 dxe4 41. Ke3 Nf6 42. Nc4 Ke6 43.
Nb6 Nd5+ 44. Nxd5 Kxd5 45. g4 hxg4 46. hxg4 f5 47. gxf5 gxf5 48. Ke2 Kxd4 49. Kd2 e3+ 50. Ke2 Ke4 51. Ke1 0-1

[Event "*** Titled Tuesday Blitz"]
[Site "Chess.com"]
[Date "2019.02.05"]
[Round "9"]
[White "WhiteKnight2612"]
[Black "AttilaTurzo"]
[Result "0-1"]
[WhiteElo "2561"]
[BlackElo "2424"]
[TimeControl "180+2"]
[EndTime "15:13:57 PST"]
[Termination "AttilaTurzo won by checkmate"]

1. g3 d5 2. Bg2 c6 3. Nf3 Bf5 4.
O-O Nd7 5. d3 Ngf6 6. Nc3 e5 7.
Bg5 Be7 8. Re1 O-O 9. e4 dxe4 10.
dxe4 Be6 11. Qe2 h6 12. Be3 Qc7 13. Rad1 Bc5 14. h3 Rad8 15. Kh2 Rfe8 16. a3 Bxe3 17.
Qxe3 Qb6 18. Qxb6 axb6 19. Rd6 Kf8 20. Red1 Ke7 21. g4 g5 22. Kg3 Nh7 23. Bf1 Nhf8 24. R6d2 Ng6 25. Nd5+ cxd5 26. exd5 Nc5 27. dxe6 Ne4+ 28.
Kh2 Nxd2 29. Nxd2 Kxe6 30. Bd3 Nf4 31. Ne4 Ke7 32. Ng3 Kf8 33. Ne4 Rd4 34. f3 Red8 35.
Nf2 f6 36. Re1 Nxd3 37. cxd3 Rc8 38. Re2 Kf7 39. Kg3 Rc1 40. Rd2 b5 41. Ne4 b4 42.
axb4 Rxb4 43. Nd6+ Ke6 44. Nc4 b5 45. Ne3 Rb1 46.
Nd1 Rb3 47. Kf2 Rc1 48. Ke2 Rc8 49. Nf2 h5 50. Ne4 hxg4 51. hxg4 Rc1 52. Nf2 Kd5 53. Nd1 Kd4 54. Nf2 b4 55. Nd1 Rxd1 56. Kxd1 Rxd3 57.
Ke2 Rxd2+ 58. Kxd2 e4 59. Ke2 b3 60. fxe4 Kxe4 61.
Kd2 f5 62. Kc3 fxg4 63. Kxb3 g3 64. Ka3 g2 65. b4 g1=Q 66. b5 Qb6 67. Kb4 g4 68.
Kc4 g3 69. Kc3 g2 70. Kd2 g1=Q 71. Ke2 Qbf2# 0-1

[Event "*** Titled Tuesday Blitz"]
[Site "Chess.com"]
[Date "2019.02.05"]
[Round "9"]
[White "nocnypako"]
[Black "Morshynska"]
[Result "1/2-1/2"]
[WhiteElo "2243"]
[BlackElo "2066"]
[TimeControl "180+2"]
[EndTime "15:13:58 PST"]
[Termination "Game drawn by repetition"]

1. d4 Nf6 2. c4 e6 3. Nc3 Bb4 4. e3 b6 5. Ne2 Ba6 6. a3 Bxc3+ 7. Nxc3 d5 8. cxd5 Bxf1 9. dxe6 Bxg2 10. Rg1 Bc6 11.
exf7+ Kxf7 12. e4 Bxe4 13. Nxe4 Nxe4 14. Qf3+ Qf6 15. Qb3+ Kf8 16. Be3 Qf7 17. Qc2 Nf6 18.
O-O-O Nbd7 19. Qxc7 Ke7 20. Kb1 Rhc8 21. Qg3 Kf8 22.
d5 Rc4 23. Bf4 Rac8 24. Bd6+ Kg8 25. f3 Rc2 26. Be5 Nxe5 27. Qxe5 Nd7 28. Qe6 Nc5 29.
Rxg7+ Kxg7 30. Rg1+ Kf8 31. Qd6+ Qe7 32. Rg8+ Kxg8 33. Qxe7 Nd3 34. Qg5+ Kh8 35. Qf6+ Kg8 36. Qe6+ Kh8 37. Qf6+ Kg8 38. Qg5+ Kh8 39. Qf6+ Kg8 1/2-1/2

[Event "*** Titled Tuesday Blitz"]
[Site "Chess.com"]
[Date "2019.02.05"]
[Round "9"]
[White "kuli4ik"]
[Black "AndrBaryshpolets"]
[Result "0-1"]
[WhiteElo "2822"]
[BlackElo "2638"]
[TimeControl "180+2"]
[EndTime "15:13:59 PST"]
[Termination "AndrBaryshpolets won by resignation"]

1. g3 Nf6 2. Bg2 d5 3. b3 c6 4.
Bb2 Bf5 5. d3 h6 6. Nd2 e6 7. e3 Nbd7 8. a3 a5 9. h3 Be7 10. Ne2 Qb6 11. O-O O-O 12. g4 Bh7 13. Ng3 a4 14. b4 c5 15. h4 Ne8 16. g5 hxg5 17. hxg5 Bxg5 18. Rb1 cxb4 19. Bd4 Qc7 20. Rxb4 Be7 21. Rb1 Bxa3 22. e4 Bc5 23. Bxc5 Qxc5 24. Rxb7 Nb6 25. Qb1 Ra6 26. exd5 Nd6 27. Nde4 Bxe4 28.
Nxe4 Nxe4 29. dxe4 exd5 30. e5 Qc6 31. Re7 Nc8 32. Qb4 Nxe7 33. Qxe7 Qxc2 34. f4 Rg6 35. Rf2 Qd1+ 36. Kh2 Rb8 37. f5 Rh6+ 38. Kg3 Rb3+ 39. Bf3 Qg1+ 40. Rg2 Qe1+ 41. Rf2 Qg1+ 42. Rg2 Rh3+ 43.
Kg4 Qh1 44. Qe8+ Kh7 45. Qxf7 Rh6 46. f6 Qh3+ 47. Kg5 Qh4+ 48. Kf5 Rxf3+ 49. Ke6 Rfxf6+ 50. exf6 Rxf6+ 51. Qxf6 Qxf6+ 0-1

[Event "*** Titled Tuesday Blitz"]
[Site "Chess.com"]
[Date "2019.02.05"]
[Round "9"]
[White "saraswathii"]
[Black "Eliwood44"]
[Result "1/2-1/2"]
[WhiteElo "2256"]
[BlackElo "2156"]
[TimeControl "180+2"]
[EndTime "15:14:00 PST"]
[Termination "Game drawn - insufficient material"]

1. d4 Nf6 2. Bf4 d5 3. e3 e6 4. Nf3 Bd6 5. Bg3 O-O 6. Bd3 b6 7. O-O Ba6 8. Bxa6 Nxa6 9. Qe2 Nb8 10. c4 c6 11. Nc3 Bxg3 12. hxg3 Nbd7 13. Rac1 Qe7 14.
Rfd1 Rfc8 15. e4 dxe4 16. Nxe4 Nxe4 17. Qxe4 Nf6 18. Qh4 c5 19. d5 exd5 20. cxd5 Rd8 21. Qc4 Qe4 22. Qxe4 Nxe4 23. Rc2 Rd6 24. Ne5 Rad8 25.
Re2 f5 26. g4 Rxd5 27. Rxd5 Rxd5 28. Nc6 Rd2 29. Rxd2 Nxd2 30. gxf5 Nc4 31. b3 Nd6 32.
Nxa7 b5 33. g4 c4 34. bxc4 bxc4 35. Nc6 h5 36. f3 Nb5 37. Kf2 c3 38. Nb4 Na3 39.
gxh5 Kf7 40. Ke3 c2 41. Nd3 Kf6 42. Kf4 Nc4 43. Nc1 Na3 44. Ke4 Kg5 45. Ke5 Kxh5 46. f6 gxf6+ 47. Kxf6 Nc4 48. Kf5 Kh6 49. Ke6 Kg5 50. Kd5 Na3 51. Ke4 Kf6 52. f4 Nc4 53. a4 Na5 54. Ke3 Kf5 55. Kf3 Nc4 56. Kg3 Na5 57.
Kf3 Nc4 58. Ke2 Kxf4 59. Kd3 Nb2+ 60. Kxc2 Nxa4 61. Nd3+ Ke3 62. Nb2 Nxb2 1/2-1/2

[Event "*** Titled Tuesday Blitz"]
[Site "Chess.com"]
[Date "2019.02.05"]
[Round "9"]
[White "MathiasWomacka"]
[Black "Fy_Rakotomaharo"]
[Result "0-1"]
[WhiteElo "2248"]
[BlackElo "2484"]
[TimeControl "180+2"]
[EndTime "15:14:04 PST"]
[Termination "Fy_Rakotomaharo won by resignation"]

1. e4 c5 2. Nf3 d6 3. d4 cxd4 4. Nxd4 Nf6 5. Nc3 a6 6. Be2 e5 7. Nb3 Be7 8. O-O O-O 9. Qd3 Be6 10. Bd2 Nc6 11. Nd5 a5 12. a4 Bxd5 13. exd5 Nb4 14. Bxb4 axb4 15. Qb5 Qc7 16. Rac1 Qd7 17. Qxb4 Nxd5 18.
Qd2 Nf6 19. a5 d5 20. c3 Qa4 21. Bd1 Qh4 22. h3 Bd6 23. Bc2 Rad8 24. Rfe1 e4 25. Nd4 Bf4 26. Qe2 Bxc1 27. Rxc1 Qf4 28. Ra1 Rfe8 29.
a6 bxa6 30. g3 Qh6 31. Kg2 Nh5 32. Rxa6 Qg5 33. Qg4 Qxg4 34. hxg4 Nf6 35. g5 Nd7 36. Ra7 Ne5 37. Bb3 g6 38. Rc7 Kf8 39. Rc5 Nd3 40. Rxd5 Rxd5 41. Bxd5 Nxb2 42. c4 e3 43. fxe3 Rxe3 44.
c5 Rd3 45. c6 Rxd4 46. c7 Rd2+ 47. Kf3 Rc2 0-1

[Event "*** Titled Tuesday Blitz"]
[Site "Chess.com"]
[Date "2019.02.05"]
[Round "9"]
[White "CzechmVIII"]
[Black "Hieronymus00"]
[Result "0-1"]
[WhiteElo "2099"]
[BlackElo "2183"]
[TimeControl "180+2"]
[EndTime "15:14:10 PST"]
[Termination "Hieronymus00 won by resignation"]

1. e4 e5 2. Nf3 Nc6 3. Bb5 a6 4. Ba4 Nf6 5. O-O Bc5 6. c3 b5 7. Bb3 d6 8. a4 Rb8 9. d4 Bb6 10. axb5 axb5 11. Qd3 O-O 12. Bg5 h6 13. Bxf6 Qxf6 14.
Qxb5 Na7 15. Qd3 Bg4 16. Nbd2 Nc6 17. Bd5 Ne7 18. dxe5 dxe5 19. h3 Bh5 20. b4 Rfd8 21. Qe2 Ng6 22. g3 c6 23. Bc4 Rxd2 24. Qxd2 Bxf3 25.
Kh2 Rd8 26. Qe1 h5 27. Ra6 Rb8 28. Rxb6 Rxb6 29. Qe3 Rb8 30. Ra1 Rd8 31. Ra7 Rf8 32. Qc5 Bxe4 33. Qe3 Qf3 34. Qxf3 Bxf3 35. Bb3 h4 36. c4 hxg3+ 37. fxg3 e4 38. b5 cxb5 39. cxb5 e3 40. Kg1 e2 41. Kf2 Ne5 42. Bc2 Bh5 43. Re7 Nc4 44. g4 Bg6 45. Bxg6 fxg6+ 46. Kxe2 Rb8 47.
Rc7 Ne5 48. Rc5 Nd7 49. Rd5 Nf6 50. Re5 Kf7 51. Kd3 Nd7 52. Rd5 Ke6 53. Rg5 Kf6 54. Rd5 Rb7 55. Kc4 Nb6+ 0-1

[Event "*** Titled Tuesday Blitz"]
[Site "Chess.com"]
[Date "2019.02.05"]
[Round "9"]
[White "HindsightIs2700"]
[Black "Manukyan_Artak"]
[Result "0-1"]
[WhiteElo "2250"]
[BlackElo "2392"]
[TimeControl "180+2"]
[EndTime "15:14:13 PST"]
[Termination "Manukyan_Artak won on time"]

1. e4 c6 2. d4 d5 3. Nd2 dxe4 4. Nxe4 Nf6 5. Nxf6+ exf6 6. c3 Bd6 7. Bd3 O-O 8.
Qc2 h6 9. Ne2 Qc7 10. Be3 c5 11. dxc5 Bxc5 12. Bxc5 Qxc5 13. O-O Nc6 14. Rad1 Bg4 15.
Kh1 Rad8 16. f3 Be6 17. Nf4 Bc4 18. Bh7+ Kh8 19. Rfe1 Rxd1 20. Rxd1 Qe5 21. Qe4 Bxa2 22.
Bf5 Rd8 23. Rxd8+ Nxd8 24. Qxe5 fxe5 25. Nd3 f6 26. Kg1 Bb1 27. Be4 Bxd3 28. Bxd3 Kg8 29.
Bc4+ Kf8 30. Bd5 Ke7 31. Kf2 Kd6 32. c4 b5 33. Bg8 bxc4 34. Bxc4 Kc5 35. Bg8 Kd4 36.
Kg3 f5 37. Bh7 e4 38. Bxf5 e3 39. f4 Nc6 40. Kf3 Nb4 41. Ke2 a5 42. h4 Nd5 43.
g3 Nf6 44. Bd3 Ne4 45. Bxe4 Kxe4 46. h5 a4 47. Ke1 Kf3 48. f5 Kxg3 49. Ke2 Kf4 50.
Kd3 Kf3 0-1

[Event "*** Titled Tuesday Blitz"]
[Site "Chess.com"]
[Date "2019.02.05"]
[Round "9"]
[White "Supelyel"]
[Black "StoreySniper"]
[Result "1/2-1/2"]
[WhiteElo "2318"]
[BlackElo "2321"]
[TimeControl "180+2"]
[EndTime "15:14:13 PST"]
[Termination "Game drawn by repetition"]

1. c4 f5 2. Nc3 e6 3. g3 Nf6 4. Bg2 Be7 5. Nf3 O-O 6. O-O d6 7. d3 e5 8. Bg5 Nbd7 9. Bxf6 Nxf6 10. Nd2 c6 11. b4 Qe8 12. b5 c5 13. a4 Qh5 14. e3 Qh6 15. a5 Rb8 16. Nd5 Nxd5 17. Bxd5+ Kh8 18. f4 exf4 19. exf4 Bf6 20. Ra2 g5 21. Qf3 g4 22. Qd1 Qg7 23. Nb3 h5 24.
Re1 h4 25. Rae2 b6 26. a6 Bd7 27. Qc2 Rbe8 28. Rxe8 Rxe8 29. Rxe8+ Bxe8 30. Qe2 Qe7 31. Qxe7 Bxe7 32. Be6 Bg6 33. Nd2 Kg7 34. Bd5 h3 35. Kf1 Bf6 36. Nb3 Bc3 37. Ke2 Bf7 38. Bxf7 Kxf7 39. Kf2 Ke6 40. Ke2 d5 41. Nd2 Bd4 42. Nf1 Bg1 43. Kd2 Bd4 44. Kc2 Bg7 45. Ne3 dxc4 46. dxc4 Bd4 47. Kd3 Bxe3 48. Kxe3 Kd6 49. Kd3 Ke6 50. Ke3 Kd6 51. Kd3 Ke6 52. Ke3 Kd6 53.
Kd3 Ke6 54. Ke3 Kd6 55. Kd3 Ke6 56. Ke3 1/2-1/2

[Event "*** Titled Tuesday Blitz"]
[Site "Chess.com"]
[Date "2019.02.05"]
[Round "9"]
[White "washburn06"]
[Black "CookiesAndIceCream"]
[Result "1-0"]
[WhiteElo "2433"]
[BlackElo "2273"]
[TimeControl "180+2"]
[EndTime "15:14:14 PST"]
[Termination "washburn06 won by resignation"]

1. d4 d5 2. Bg5 Nf6 3. Bxf6 exf6 4. e3 Bd6 5. g3 O-O 6. Bg2 c6 7. Ne2 f5 8. O-O Nd7 9. Nd2 Nf6 10. c4 Be6 11.
cxd5 Bxd5 12. Nc3 Bxg2 13. Kxg2 Re8 14. Nc4 Bc7 15. Qf3 g6 16. Rfd1 Ne4 17. d5 Nxc3 18.
bxc3 cxd5 19. Rxd5 Qf6 20. Rd7 Qxc3 21. Qd5 Rf8 22. Rb1 Rad8 23. Rxb7 Rxd7 24. Qxd7 Qxc4 25. Rxc7 Qe4+ 26. Kg1 Qb1+ 27. Kg2 Qe4+ 28. Kg1 a5 29. a3 h5 30. Qd4 Qb1+ 31. Kg2 Qb3 32.
Qc5 a4 33. Qe7 Qd3 34. h4 Qd5+ 35. Kh2 Qd2 36. Kg2 Qd5+ 37. Kg1 Qd1+ 38. Kh2 Qf3 39. Kg1 Qd1+ 40. Kg2 Qd5+ 41. Kh2 Qa2 42. Kg1 Rb8 43. Kg2 Qd5+ 44. Kh2 Rb1 45. e4 fxe4 46. Rc8+ Kh7 47. Qf6 1-0

[Event "*** Titled Tuesday Blitz"]
[Site "Chess.com"]
[Date "2019.02.05"]
[Round "9"]
[White "yuki_chess123"]
[Black "evgenysharapov"]
[Result "0-1"]
[WhiteElo "2039"]
[BlackElo "2338"]
[TimeControl "180+2"]
[EndTime "15:14:16 PST"]
[Termination "evgenysharapov won by resignation"]

1. e4 c5 2. Nf3 d6 3. Bb5+ Bd7 4.
Bxd7+ Qxd7 5. O-O Nf6 6. d3 Nc6 7. Nc3 g6 8. Ng5 h6 9. Nh3 Bg7 10. f4 e6 11. f5 O-O-O 12. fxe6 fxe6 13. Be3 Rdf8 14. Nf4 Ne5 15. Kh1 g5 16. Nfe2 Nfg4 17. Bg1 Rxf1 18. Qxf1 Rf8 19. Qe1 Qf7 20. d4 Nf3 21.
Qg3 Nxg1 22. Kxg1 cxd4 23. Nb5 Qf2+ 24. Qxf2 Nxf2 25. Nbxd4 Kd7 26. e5 dxe5 27. Nb3 b6 28.
Rf1 Ng4 29. Rxf8 Bxf8 30. Ng3 Ne3 31. c3 Nd1 32. Ne4 Be7 33. Kf1 Nxb2 34. Ke2 Nc4 35. Nbd2 Nxd2 36. Kxd2 Kc6 37. c4 g4 38. Kd3 b5 39.
cxb5+ Kxb5 40. Kc3 Ka4 41. Kb2 Kb4 42. Nf2 h5 43. Nd3+ Kb5 44. Nxe5 Bf6 0-1

[Event "*** Titled Tuesday Blitz"]
[Site "Chess.com"]
[Date "2019.02.05"]
[Round "9"]
[White "Ekko_li"]
[Black "iLuusions"]
[Result "0-1"]
[WhiteElo "2466"]
[BlackElo "2621"]
[TimeControl "180+2"]
[EndTime "15:14:16 PST"]
[Termination "iLuusions won by resignation"]

1. e4 c5 2. Nf3 e6 3. c3 Nf6 4. e5 Nd5 5. d4 cxd4 6. cxd4 d6 7.
Bc4 Be7 8. Qe2 O-O 9. O-O b6 10. Re1 Bb7 11. Bd2 Nc6 12. Nc3 Nxc3 13. Bxc3 d5 14.
Bd3 Nb4 15. Bb1 Qd7 16. a3 Ba6 17. Qd2 Nc6 18. Ng5 h6 19. Nh7 Rfc8 20. Nf6+ Bxf6 21. exf6 Qd8 22. fxg7 Qg5 23. Qd1 Kxg7 24. Re3 Kf8 25. Rg3 Qf6 26. Rf3 Qg7 27. Qd2 Ke7 28. Qf4 Be2 29.
Rg3 Qf6 30. Qe3 Ba6 31. Bh7 Rh8 32. Bd3 Bxd3 33. Qxd3 a6 34. Rc1 Kd7 35. Rf3 Qg7 36.
Rg3 Qf6 37. b4 b5 38. Bb2 Rac8 39. Rc5 Nd8 40. Rf3 Qe7 41. Rxc8 Kxc8 42. Qc2+ Kb8 43. Qc5 Qxc5 44. dxc5 Rg8 45. Be5+ Kc8 46. Bf6 Nc6 47. Kf1 Kd7 48. h3 e5 49. g4 Ke6 50.
Bh4 Rg6 51. Re3 d4 52. Re1 Kd5 53. Ke2 e4 54. Kd2 Ne5 0-1

[Event "*** Titled Tuesday Blitz"]
[Site "Chess.com"]
[Date "2019.02.05"]
[Round "9"]
[White "Saitama_Hero"]
[Black "ShadyH9"]
[Result "1-0"]
[WhiteElo "2244"]
[BlackElo "2305"]
[TimeControl "180+2"]
[EndTime "15:14:17 PST"]
[Termination "Saitama_Hero won by resignation"]

1. e4 c5 2. Nc3 Nc6 3. g3 g6 4. Bg2 Bg7 5. Nge2 d6 6. O-O e6 7.
f4 Nge7 8. d3 O-O 9. Be3 Nd4 10.
Qd2 Rb8 11. Nd1 b6 12. c3 Nxe2+ 13. Qxe2 Ba6 14. Nf2 Qd7 15. g4 d5 16. f5 dxe4 17.
Nxe4 exf5 18. gxf5 Nxf5 19. Bf4 Rbd8 20. Rad1 Bxd3 21.
Qf2 Qa4 22. b3 Qa6 23. Rfe1 c4 24. Bg5 Bxe4 25. Bxd8 Bxg2 26. Qxg2 Bxc3 27. Re4 cxb3 28. axb3 Qb5 29. Bg5 Qxb3 30. Rf1 Qd5 31. Qf3 Bd4+ 32.
Kh1 a5 33. Rd1 Qc5 34. Qf4 Bg7 35. Rc4 Qe5 36. Qxe5 Bxe5 37. Rb1 Rb8 38. Rc6 b5 39. Rc5 b4 40. Rxe5 a4 41. Ra5 a3 42. Rxa3 bxa3 43. Rxb8+ Kg7 44. Ra8 1-0

[Event "*** Titled Tuesday Blitz"]
[Site "Chess.com"]
[Date "2019.02.05"]
[Round "9"]
[White "IakovUlivar"]
[Black "nochewycandy"]
[Result "0-1"]
[WhiteElo "2518"]
[BlackElo "2350"]
[TimeControl "180+2"]
[EndTime "15:14:21 PST"]
[Termination "nochewycandy won on time"]

1. e4 g6 2. d4 Bg7 3. Nf3 d6 4.
Bd3 Nf6 5. O-O O-O 6. h3 Nc6 7.
c3 e5 8. Re1 h6 9. Na3 Nh5 10.
Nc2 Qf6 11. Ne3 Nf4 12. Nd5 Nxd5 13. exd5 Ne7 14. dxe5 dxe5 15. Rxe5 Qd6 16. Re1 Nxd5 17. Bc4 Be6 18. Qb3 Rab8 19. Nd4 Bxd4 20. cxd4 Kg7 21. Bd2 Rfe8 22. Rad1 b5 23. Bf1 c6 24. Rc1 Nb6 25.
Qe3 g5 26. b3 Red8 27. d5 Nxd5 28. Qxa7 Ra8 29. Qd4+ Kg8 30. h4 Nf4 31. Qxd6 Rxd6 32.
Bb4 Rd5 33. Rxc6 Rxa2 34. Rc5 Rxc5 35. Bxc5 Bxb3 36. hxg5 hxg5 37. g3 Ne6 38. Be3 Bc4 39.
Bxc4 bxc4 40. Rc1 Ra4 41. Kg2 Kg7 42. Kf3 Kg6 43. Ke4 c3+ 44. Kd3 f5 45. Rxc3 Kf6 46. Rb3 f4 47. gxf4 gxf4 48. Bb6 Kf5 49. f3 Ra1 50.
Rb5+ Kf6 51. Ke4 Ra4+ 52. Kd3 Ra3+ 53. Ke2 Rc3 0-1

[Event "*** Titled Tuesday Blitz"]
[Site "Chess.com"]
[Date "2019.02.05"]
[Round "9"]
[White "Shivagami"]
[Black "Thefirstchess"]
[Result "0-1"]
[WhiteElo "2127"]
[BlackElo "2003"]
[TimeControl "180+2"]
[EndTime "15:14:26 PST"]
[Termination "Thefirstchess won by resignation"]

1. d4 c5 2. c3 Nf6 3. Nf3 b6 4. Bf4 Bb7 5. e3 g6 6. Be2 Bg7 7. O-O d6 8. Nbd2 Nbd7 9. a4 a6 10. h3 O-O 11. Bh2 Bc6 12. Qb3 Qc7 13. Bc4 Qb7 14.
Rfe1 d5 15. Bf1 c4 16. Qc2 b5 17. Ne5 Nxe5 18. dxe5 Nd7 19. f4 e6 20. e4 Nc5 21.
exd5 Bxd5 22. a5 Rfd8 23. Kh1 Rd7 24. Bg1 Bf8 25. Bd4 Rad8 26. Kh2 Rc8 27. Re3 Bh6 28. g3 Rdc7 29. Be2 Nd7 30. Bf3 Bxf3 31. Rxf3 Nc5 32.
Bxc5 Rxc5 33. Ne4 Rd5 34. Nf6+ Kg7 35. Nxd5 Qxd5 36. Rd1 Qxf3 37. Qd2 Rc7 38. Qd8 Qb7 39. Qf6+ Kg8 40. Rd8+ Bf8 41. Qg5 Rc8 42. Rd1 Qf3 43.
Rd2 Bc5 44. Qf6 Qe3 45. Rd1 Qe2+ 0-1

[Event "*** Titled Tuesday Blitz"]
[Site "Chess.com"]
[Date "2019.02.05"]
[Round "9"]
[White "ChristopherYoo"]
[Black "BogdanDeac"]
[Result "1/2-1/2"]
[WhiteElo "2675"]
[BlackElo "2741"]
[TimeControl "180+2"]
[EndTime "15:14:30 PST"]
[Termination "Game drawn - insufficient material"]

1. e4 c5 2. Nf3 d6 3. d4 cxd4 4.
Nxd4 Nf6 5. Nc3 a6 6. Nb3 Nbd7 7. Be2 g6 8. O-O Bg7 9. Be3 b5 10. f3 O-O 11. a4 b4 12. Nd5 Nxd5 13. Qxd5 Rb8 14.
Rab1 Nb6 15. Qa5 Bd7 16. Bxa6 Nxa4 17. Qxd8 Rfxd8 18. Bd4 Ra8 19. Bb7 Rab8 20. Ba6 Be6 21. Bxg7 Kxg7 22. Nd4 Rb6 23. Bb5 Nc5 24. Ra1 Rc8 25.
Ra7 Kf8 26. Rfa1 Rbb8 27. Be2 Bd7 28. R1a5 Be8 29. Kf2 e5 30. Nb5 Nb7 31. Rxb7 Rxb7 32. Nxd6 Rxc2 33. Nxb7 Rxb2 34. Nd6 Bd7 35. Nc4 Rc2 36.
Nxe5 Be6 37. Rb5 b3 38. Ke3 Kg7 39. g4 b2 40. Nd3 Bc4 41. Rb4 h5 42. gxh5 gxh5 43.
f4 h4 44. h3 f5 45. e5 Kf8 46. Rb6 Ke7 47. Rb7+ Kd8 48. Kd4 Ba6 49. Rxb2 Rxb2 50.
Nxb2 Bxe2 51. e6 Bf1 52. Nd1 Bxh3 53. Nf2 Bg2 54. Ke5 h3 55. Kxf5 h2 56. Kf6 Ke8 57.
f5 h1=Q 58. Nxh1 Bxh1 59. Kg7 Bd5 60. Kf6 Bc4 61. Kg7 Bxe6 62. fxe6 Ke7 63. Kg6 Kxe6 1/2-1/2